 Dungeon Crawl Stone Soup version 0.28.0-53-g5a82cb258f (webtiles) character file.

Game seed: 11554499373059945773

71 PentaManta the Sneak (level 4, 0/25 HPs)
             Began as a Kobold Artificer on June 17, 2022.
             Killed from afar by Natasha (5 damage)
             ... with a magic dart
             ... on level 2 of the Dungeon.
             The game lasted 00:05:23 (3400 turns).

PentaManta the Sneak (Kobold Artificer)             Turns: 3400, Time: 00:05:24

Health: 0/25       AC:  6    Str:  9    XL:     4   Next: 47%
Magic:  4/4        EV: 11    Int: 12    God:
Gold:   51         SH:  0    Dex: 17    Spells: 3/3 levels left

rFire   . . .      SeeInvis .   q - +0 dagger
rCold   . . .      Faith    .   (no shield)
rNeg    . . .      Spirit   .   p - +0 scale mail
rPois   .          Reflect  .   (no helmet)
rElec   .          Harm     .   (no cloak)
rCorr   .          Rampage  .   (no gloves)
Will    .....                   (no boots)
Stlth   +++.......              (no amulet)
HPRegen 0.08/turn               (no ring)
MPRegen 0.09/turn               (no ring)

@: no status effects
A: small, no large weapons, nightstalker 3
a: no special abilities


You were on level 2 of the Dungeon.
You visited 1 branch of the dungeon, and saw 2 of its levels.

You collected 51 gold pieces.

Inventory:

Hand Weapons
 a - a +0 club
 h - a +0 hunting sling
 o - a +0 whip
 q - a +0 dagger (weapon)
Missiles
 g - 4 poisoned darts
Armour
 b - a +0 leather armour
 p - a +0 scale mail (worn)
Wands
 c - a wand of flame (10) (quivered)
 d - a wand of charming (15)
Scrolls
 n - a scroll of identify {unknown}
 s - a scroll of torment {unknown}
Potions
 f - a potion of degeneration {unknown}
 i - 2 potions of resistance {unknown}
 j - a potion of flight {unknown}
 k - a potion of attraction {unknown}
 l - a potion of invisibility {unknown}
 m - a potion of might {unknown}
 r - a potion of mutation {unknown}
Miscellaneous
 e - a piece from Xom's chessboard (15/15)


   Skills:
 - Level 1.1 Fighting
 + Level 2.2 Short Blades
 - Level 0.7 Armour
 - Level 2.4 Dodging
 - Level 5.0 Stealth
 - Level 3.7 Evocations


You had 3 spell levels left.
You didn't know any spells.
Your spell library contained the following spells:

 Spells                   Type           Power      Damage    Failure   Level
 Summon Small Mammal      Summ           0%         N/A       95%         1
 Call Canine Familiar     Summ           0%         N/A       100%        3
 Summon Guardian Golem    Hex/Summ       0%         N/A       100%        3


Dungeon Overview and Level Annotations

Branches:
Dungeon (2/15)

Altars:

Annotations:
D:2 Natasha


Innate Abilities, Weirdness & Mutations

You are small and have problems with some larger weapons.
You are completely attuned to the shadows.


Message History

The ball python bites you. The ball python constricts you.
You barely miss the ball python.
The ball python is moderately wounded.
The ball python closely misses you. The ball python constricts you.
You barely miss Natasha.
Natasha casts a spell.
The ball python barely misses you. The ball python constricts you.
You barely miss Natasha.
The crimson imp blinks!
Natasha barely misses you.
The ball python bites you but does no damage.
The ball python constricts you.
You escape the ball python's grasp.
The crimson imp misses you.
You hit Natasha.
Natasha is lightly wounded.
The crimson imp shouts, "Bolt, thou unctious shard-borne pissant!"
The crimson imp hits you but does no damage.
Natasha claws you.
You closely miss Natasha.
Natasha is lightly wounded.
The crimson imp closely misses you.
Natasha howls an incantation.
Natasha shimmers violently.
Natasha claws you.
You closely miss Natasha.
Natasha is lightly wounded.
The crimson imp shouts, "Scamper away, thou craven moon-mazed pignut!"
The crimson imp blinks!
Natasha claws you.
* * * LOW HITPOINT WARNING * * *
You hit Natasha but do no damage.
Natasha is lightly wounded.
The crimson imp blinks!
Natasha barely misses you.
You barely miss Natasha.
Natasha is lightly wounded.
Aiming: Throw Flame
Press: ? - help, Q - select action, (/) - cycle Shift-Dir - straight line, f - Natasha
Aim: Natasha (lightly wounded, 64% to hit)
The puff of flame misses Natasha.
The puff of flame hits the ball python!
You kill the ball python!
Natasha casts a spell at you. The magic dart hits you.
You die...

....... #.....
#..... ....... ...#
........ ..<#
......... ...#
.....#...
#####5..#...........
#.§@h†..#.........P.
#.#######.........♣.
#....♣.♣.♣.♣.##.♣PP♣
#...†..........P.P♣♣
#....♣.♣.♣.♣....♣.♣♣
#...............PP.♣
..######...........P
#...........(
#............


You could see Natasha and a crimson imp (summoned).

Vanquished Creatures
  A gnoll (D:1)
  4 endoplasms
  4 giant cockroaches
  6 hobgoblins
  7 jackals
  4 kobolds
  2 quokkas (D:2)
  3 ball pythons
  3 bats (D:1)
  6 frilled lizards
  7 goblins
  8 rats
55 creatures vanquished.

Vanquished Creatures (others)
  6 plants (D:2)
6 creatures vanquished.

Grand Total: 61 creatures vanquished

Notes
Turn   | Place    | Note
-------+----------+-------------------------------------------
     0 | D:1      | PentaManta the Kobold Artificer began the quest for the
                  | Orb.
     0 | D:1      | Reached XP level 1. HP: 12/12 MP: 1/1
   131 | D:1      | Reached skill level 2 in Stealth
   264 | D:1      | Reached XP level 2. HP: 16/16 MP: 2/2
   281 | D:1      | Reached skill level 3 in Stealth
   987 | D:1      | Noticed a great orb of eyes
   988 | D:1      | Noticed a floating eye
  1005 | D:1      | Reached XP level 3. HP: 9/20 MP: 3/3
  1190 | D:1      | Noticed a floating eye
  1194 | D:1      | Reached skill level 4 in Stealth
  1195 | D:1      | Found a faded altar of an unknown god.
  1198 | D:1      | Noticed a floating eye
  2250 | D:2      | Reached skill level 5 in Stealth
  2254 | D:2      | Reached XP level 4. HP: 20/25 MP: 4/4
  2591 | D:2      | Reached skill level 1 in Short Blades
  3385 | D:2      | Noticed Natasha
  3400 | D:2      | Killed from afar by Natasha

Illustrated notes

Levels and vault maps discovered:
D:1:      minmay_arrival_stone_box, layout_loops_ring,
          hellmonk_ecumenical_altar_watching_god
D:2:      layout_basic, serial_forest, infiniplex_forest_clump_medium,
          infiniplex_forest_lined_2, infiniplex_forest_clump_C,
          infiniplex_forest_lined_room_2, infiniplex_forest_straight_3,
          infiniplex_forest_clump_small, infiniplex_forest_lined_room_,
          infiniplex_forest_straight_2, hangedman_decor_clover_reticule,
          uniq_natasha

Skill      XL: |  1  2  3  4 |
---------------+-------------+-----
Stealth        | 2 3 5 |  5.0
Short Blades   | 2 |  2.2
Fighting       | |  1.1
Armour         | |  0.7
Dodging        | |  2.4
Evocations     | |  3.7

Action                   |  1- 3 |  4- 6 || total
-------------------------+-------+-------++-------
Melee: Club              |   146 |       ||   146
       Punch             |     1 |     1 ||     2
       Whip              |    31 |    10 ||    41
       Dagger            |       |   130 ||   130
Evoke: Wand              |     3 |     2 ||     5
 Stab: Sleeping          |    18 |     6 ||    24
Armor: Leather armour    |    46 |       ||    46
       Scale mail        |     4 |    43 ||    47
Dodge: Dodged            |   137 |    72 ||   209
